cohdb
Replays
Latest Replays
All Replays
Popular Replays
Top Player Replays
Match Explorer
How It Works
Community
CoH3 Stats
Reddit
Sign in to upload your games and track your stats! →
Sign in with Steam
Match 41447757
Unlisted
Match 41447757
Overview
Messages
Build Orders
End
Royal Engineer Section
Royal Engineer Section
Selects Canadian Shock Battlegroup
Royal Engineer Section
Vickers Machine Gun Team
Construct Section Command Post
ML 3-inch Mortar Team
ML 3-inch Mortar Team
Selects Attacking Spirit
Construct Platoon Command Post
Construct Field Infirmary
Selects Canadian Shock Section
Canadian Shock Section
Canadian Shock Section
Construct Company Command Post
Foot Guards Section
Foot Guards Section
Infantry Training
Foot Guards Section
Selects Incendiary Munitions
Selects Pyrotechnics
6-pounder Anti-tank Gun Team
Selects Churchill Crocodile Heavy Tank
Aymes
Nubbl0r
0
0
Comments
sign in to comment!
No comments posted yet!